 Dungeon Crawl Stone Soup version 0.21.1-1-g345015f (webtiles) character file.

11 Monsterracer the Vexing (level 2, -5/21 HPs)
             Began as a Human Arcane Marksman on Feb 17, 2018.
             Slain by a kobold
             ... wielding a cursed -1 short sword
              (6 damage)
             ... on level 1 of the Dungeon.
             The game lasted 00:01:18 (954 turns).

Monsterracer the Vexing (Human Arcane Marksman)      Turns: 954, Time: 00:01:19

Health: -5/21      AC:  2    Str: 10    XL:     2   Next: 40%
Magic:  3/3        EV: 12    Int: 13    God:
Gold:   7          SH:  0    Dex: 13    Spells: 2/3 levels left

rFire    . . .     SeeInvis .     - Unarmed
rCold    . . .     Gourm    .   (no shield)
rNeg     . . .     Faith    .   a - +0 robe
rPois    .         Spirit   .   (no helmet)
rElec    .         Reflect  .   (no cloak)
rCorr    .         Harm     .   (no gloves)
MR       .....                  (no boots)
Stlth    +.........             (no amulet)
HPRegen  0.07/turn              (no ring)
MPRegen  0.08/turn              (no ring)

@: no status effects
A: no striking features
a: no special abilities


You were on level 1 of the Dungeon.
You were not hungry.

You visited 1 branch of the dungeon, and saw 1 of its levels.

You collected 7 gold pieces.

Inventory:

Missiles
 d - 2 throwing nets
 f - 3 javelins
 g - 27 stones (quivered)
Armour
 a - a +0 robe (worn)
Scrolls
 e - a scroll of amnesia {unknown}
 h - a scroll of enchant weapon {unknown}
Books
 b - a book of Debilitation

   Spells                             Type                      Level
   a - Corona                         Hexes                        1
   b - Slow                           Hexes                        2
   c - Inner Flame                    Hexes/Fire                   3
   d - Portal Projectile              Hexes/Translocation          3
   e - Cause Fear                     Hexes                        4
   f - Leda's Liquefaction            Hexes/Earth                  4
Comestibles
 c - a ration


   Skills:
 - Level 1.0 Fighting
 - Level 2.0 Throwing
 - Level 2.0 Dodging
 + Level 1.9 Unarmed Combat
 - Level 1.0 Spellcasting
 - Level 3.0 Hexes


You had 2 spell levels left.
You knew the following spells:

 Your Spells              Type           Power        Failure   Level  Hunger
a - Corona                Hex            #......      9%          1    ##.....


Dungeon Overview and Level Annotations

Branches:
Dungeon (1/15)

Altars:


Message History

You closely miss the jackal.
The jackal is severely wounded.
The jackal barely misses you.
You miss the jackal.
The jackal is severely wounded.
The jackal misses you.
You completely miss the jackal.
The jackal is severely wounded.
The jackal closely misses you. The jackal barely misses you.
You barely miss the jackal.
The jackal is heavily wounded.
The jackal closely misses you.
You hit the jackal but do no damage.
The jackal is heavily wounded.
The jackal closely misses you.
You hit the jackal but do no damage.
The jackal is heavily wounded.
The jackal bites you. The jackal barely misses you.
You take 1 damage, and have 18/21 hp.
The jackal barks!
You hit the jackal but do no damage.
The jackal is heavily wounded.
The jackal bites you.
You take 1 damage, and have 17/21 hp.
You closely miss the jackal.
The jackal is heavily wounded.
The jackal bites you but does no damage.
The jackal bites you.
You take 2 damage, and have 15/21 hp.
You are too injured to fight recklessly!
You hit the jackal but do no damage.
The jackal is heavily wounded.
The jackal misses you.
You are too injured to fight recklessly!
You hit the jackal but do no damage.
The jackal is heavily wounded.
The jackal closely misses you.
You are too injured to fight recklessly!
You completely miss the jackal.
The jackal is heavily wounded.
The jackal closely misses you.
You hit the jackal.
The jackal is almost dead.
The jackal bites you. x2
You take 2 damage, and have 13/21 hp.
You closely miss the jackal.
The jackal is severely wounded.
The jackal closely misses you.
You miss the jackal.
The jackal is severely wounded.
The jackal misses you. The jackal closely misses you.
You closely miss the jackal.
The jackal is severely wounded.
The jackal closely misses you.
You barely miss the jackal.
The jackal is severely wounded.
The jackal bites you.
You take 2 damage, and have 11/21 hp.
You hit the jackal.
You kill the jackal!
You hit the hobgoblin.
The hobgoblin is moderately wounded.
The hobgoblin barely misses you.
You hit the hobgoblin.
The hobgoblin is severely wounded.
The hobgoblin misses you.
You hit the hobgoblin.
The hobgoblin is almost dead.
The hobgoblin barely misses you.
You barely miss the hobgoblin.
The hobgoblin is almost dead.
The hobgoblin barely misses you.
You hit the hobgoblin but do no damage.
The hobgoblin is almost dead.
The hobgoblin hits you with a club.
* * * LOW HITPOINT WARNING * * *
You take 4 damage, and have 8/21 hp.
You barely miss the hobgoblin.
The hobgoblin is almost dead.
The hobgoblin hits you but does no damage.
You hit the hobgoblin.
You kill the hobgoblin!
Fire/throw which item? (* to show all) (? for menu, Esc to quit)
Press: ? - help, Shift-Dir - straight line, f - kobold
Aim: a kobold, wielding a short sword You throw a javelin.
The javelin hits the kobold.
The kobold is severely wounded.
The kobold hits you with a short sword.
* * * LOW HITPOINT WARNING * * *
You take 1 damage, and have 7/21 hp.
Fire/throw which item? (* to show all) (? for menu, Esc to quit)
Press: ? - help, Shift-Dir - straight line, f/p - kobold
Aim: a kobold, wielding a short sword (severely wounded)
You throw a javelin. The javelin barely misses the kobold.
The javelin hits the jackal.
The jackal is moderately wounded.
The kobold hits you with a short sword.
* * * LOW HITPOINT WARNING * * *
The kobold hits you with a short sword.
You die...

########
##########......#
#.....(h÷g..###g#
#.########.## #h#
# #.# ### #h# #
##.# #K# # ..g#
#@# # #h.# #.####
# #..# ##....# #
.K.# #.#...# #
#.## ##....# #
#.# ###.## # ..#
... #.# ##
#)####... #.# #.
......... #.# #.


You could see 2 jackals, a hobgoblin and a kobold.

Vanquished Creatures
  A giant cockroach (D:1)
  2 goblins (D:1)
  2 hobgoblins (D:1)
  A jackal (D:1)
  2 kobolds (D:1)
  2 frilled lizards (D:1)
  A rat (D:1)
11 creatures vanquished.

Notes
Turn   | Place    | Note
-------+----------+-------------------------------------------
     0 | D:1      | Monsterracer the Human Arcane Marksman began the quest for the Orb.
     0 | D:1      | Reached XP level 1. HP: 15/15 MP: 2/2
   182 | D:1      | HP: 7/15 [kobold (3)]
   186 | D:1      | HP: 2/15 [kobold (4)]
   489 | D:1      | Reached skill level 1 in Unarmed Combat
   671 | D:1      | Reached XP level 2. HP: 17/21 MP: 3/3
   949 | D:1      | HP: 8/21 [hobgoblin/club (5)]
   954 | D:1      | HP: 1/21 [kobold/short sword (6)]
   954 | D:1      | Slain by a kobold

Skill      XL: |  1 |
---------------+----+-----
Unarmed Combat | 1 |  1.9
Fighting       | |  1.0
Throwing       | |  2.0
Dodging        | |  2.0
Spellcasting   | |  1.0
Hexes          | |  3.0

Action                   || total
-------------------------++-------
Melee: Unarmed           ||    81
Throw: Stone             ||    26
       Javelin           ||     5
       Throwing net      ||     2
 Stab: Sleeping          ||     1
Armor: Robe              ||     7
Dodge: Dodged            ||    54

Vault maps used:
D:1:      eino_arrival_cavern_d, minmay_stone_trees_small
